 Dungeon Crawl Stone Soup version 0.31-a0-963-ga325b2283a (webtiles) character file.

Game seed: 14431737003782977691

322 Ahpoh the Slasher (level 6, 0/48 HPs)
             Began as a Barachi Fighter on Oct 24, 2023.
             Succumbed to a gnoll's poison
             ... on level 3 of the Dungeon.
             The game lasted 00:04:03 (2004 turns).

Ahpoh the Slasher (Barachi Fighter)                 Turns: 2004, Time: 00:04:04

Health: 0/48       AC:  8    Str: 17    XL:     6   Next: 47%
Magic:  6/6        EV: 10    Int:  8    God:
Gold:   234        SH:  5    Dex: 14    Spells: 5/5 levels left

rFire   . . .        a - +0 long sword
rCold   . . .        c - +0 buckler
rNeg    . . .        b - +0 scale mail
rPois   .            (no helmet)
rElec   .            (no cloak)
rCorr   .            (no gloves)
SInv    .            o - +0 pair of boots
Will    .....        (no amulet) Stlth
                     (no ring)
HPRegen 0.28/turn    (no ring)
MPRegen 0.10/turn

%: no passive effects
@: mighty, lethally poisoned (0 -> -5), slow
A: amphibious, slowness 1, strong legs 1, +LOS
a: Hop


You were on level 3 of the Dungeon.
You visited 1 branch of the dungeon, and saw 3 of its levels.

You collected 234 gold pieces.

Inventory:

Hand Weapons
 a - a +0 long sword (weapon)
Armour
 b - a +0 scale mail (worn)
 c - a +0 buckler (worn)
 o - a +0 pair of boots (worn)
Scrolls
 e - a scroll of torment {unknown}
 f - 3 scrolls of enchant armour {unknown}
 h - 5 scrolls of identify {unknown}
 i - a scroll of revelation {unknown}
 j - a scroll of fog {unknown}
 l - a scroll of teleportation {unknown}
Potions
 g - 3 potions of curing {unknown}
 k - 2 potions of mutation {unknown}
 n - a potion of heal wounds {unknown}


   Skills:
 + Level 4.2 Fighting
 + Level 5.7 Long Blades
 + Level 4.7 Armour
 + Level 2.0 Dodging
 + Level 0.1 Stealth
 + Level 4.3 Shields


You had 5 spell levels left.
You didn't know any spells.
Your spell library contained the following spells:

 Spells                   Type           Power      Damage    Failure   Level
 Inner Flame              Hex/Fire       0%         N/A       99%         3
 Flame Wave               Conj/Fire      0%         2d4       100%        4
 Sticky Flame             Conj/Fire      0%         2d3       100%        4


Dungeon Overview and Level Annotations

Branches:
Dungeon (3/15)

Altars:

Shops:
D:1 :


Innate Abilities, Weirdness & Mutations

You are amphibious.
You cover ground slowly.
You can hop short distances.
You have an extended range of vision and can be seen from far away.


Message History

The gnoll hits you from afar with a +1 spear of pain.
You completely miss the gnoll. The gnoll hits you but does no damage.
You writhe in agony.
The gnoll hits you with a +0 club.
You slash the gnoll!
You kill the gnoll!
The gnoll hits you but does no damage. You block the gnoll's attack.
The gnoll barely misses you.
The gnoll hits you with a +1 spear of pain.
You block the gnoll's attack.
Things that are here:
a +0 club; a gnoll corpse You closely miss the gnoll.
The gnoll is severely wounded.
The gnoll hits you with a +1 spear of pain.
You writhe in agony.
The gnoll hits you from afar with a +2 halberd of venom.
You are poisoned.
You slash the gnoll!
You kill the gnoll!
You feel very sick. The gnoll barely misses you.
You feel sick. The gnoll barely misses you.
Things that are here:
a +1 spear of pain; a gnoll corpse You barely miss the gnoll.
You feel sick. The gnoll hits you but does no damage.
You are more poisoned.
You slash the gnoll!
The gnoll is almost dead.
You feel very sick.
The gnoll hits you with a +2 halberd of venom!
* * * LOW HITPOINT WARNING * * *
You hit the gnoll.
You kill the gnoll!
* * * LOW HITPOINT WARNING * * *
You feel very sick.
* * * LOW HITPOINT WARNING * * *
You feel very sick.
You see here a +2 halberd of venom.
You die...

#.## #.# #)# #.##
...# #+ #.## #.
...## #.
.#..####.#########
...##.....#..)))@#
#.#.##......####.#
.....##...#.####.##
.#.###..............
.....###..#.####.###
#.#.#.##..#.# #.#
......##..#.# #.#
#.#####...#.. ...
..# ##.#### ###


There were no monsters in sight!

Vanquished Creatures
  Sigmund (D:3)
  6 gnolls
  2 adders (D:2)
  A worm (D:3)
  3 dart slugs
  5 endoplasms
  3 giant cockroaches
  7 goblins
  5 hobgoblins
  3 jackals (D:2)
  4 kobolds
  A quokka (D:2)
  5 ball pythons
  2 bats
  A frilled lizard (D:2)
  25 rats
74 creatures vanquished.

Notes
Turn   | Place    | Note
-------+----------+-------------------------------------------
     0 | D:1      | Ahpoh the Barachi Fighter began the quest for the Orb.
     0 | D:1      | Reached XP level 1. HP: 18/18 MP: 1/1
    87 | D:1      | Reached XP level 2. HP: 24/24 MP: 2/2
   246 | D:1      | Reached skill level 3 in Long Blades
   420 | D:1      | Reached XP level 3. HP: 30/30 MP: 3/3
   847 | D:1      | Found Lotevuv's Vocational Training.
   865 | D:1      | Found a faded altar of an unknown god.
  1035 | D:2      | Reached skill level 1 in Dodging
  1164 | D:2      | Reached XP level 4. HP: 37/37 MP: 4/4
  1273 | D:2      | Reached skill level 4 in Long Blades
  1651 | D:2      | Reached XP level 5. HP: 38/42 MP: 5/5
  1966 | D:3      | Noticed Sigmund
  1975 | D:3      | Killed Sigmund
  1976 | D:3      | Reached skill level 5 in Long Blades
  1976 | D:3      | Reached XP level 6. HP: 46/48 MP: 6/6
  2003 | D:3      | HP: 1/48 [poisoned by a gnoll]
  2004 | D:3      | Succumbed to a gnoll's poison

Illustrated notes

Levels and vault maps discovered:
D:1:      minmay_arrival_wavy_path, layout_basic, ebering_ecumenical_altar_mist,
          minmay_gold_behind_fungi, chequers_serial_rivers_room_b,
          nicolae_shop_vocational
D:2:      layout_loops_cross, minmay_rat_hole
D:3:      minmay_spotlight, layout_loops_corners, lemuel_coloured_pillars_altar,
          nicolae_gozag_zags_fifth_avenue, st_stairs_5, uniq_sigmund

Skill      XL: |  1  2  3  4  5 |
---------------+----------------+-----
Long Blades    | 3 4 5 |  5.7
Armour         | 4 |  4.7
Dodging        | 1 2 |  2.0
Shields        | 4 |  4.3
Fighting       | 4 |  4.2
Stealth        | |  0.1

Action                     |  1- 3 |  4- 6 || total
---------------------------+-------+-------++-------
  Melee: Long sword        |   104 |    97 ||   201
    Use: Potion            |       |     1 ||     1
 Armour: Scale mail        |    81 |    70 ||   151
  Dodge: Dodged            |    46 |    47 ||    93
  Block: Buckler           |    34 |    33 ||    67

Table legend: (Time is in decaauts)
 A = Elapsed time spent in this place.
 B = Non-inter-level travel time spent in this place.
 C = Inter-level travel time spent in this place.
 D = Time resting spent in this place.
 E = Time spent auto-exploring this place.
 F = Levels seen in this place.
 G = Mean time per level.
                   A        B        C        D        E       F      G
               +--------+--------+--------+--------+--------+-----+--------+
         Total |   2365 |   2316 |     49 |     27 |   1549 |   3 |  788.3 |
       Dungeon |   2365 |   2316 |     49 |     27 |   1549 |   3 |  788.3 |
               +--------+--------+--------+--------+--------+-----+--------+

Top non-repeatable levels by time:
     D:1: 1213 daAuts
     D:2: 929 daAuts
     D:3: 222 daAuts
